 Dungeon Sprint DCSS version 0.23.2-1-ga50397a6bc (webtiles) character file.

Game seed: 16479009366518377167

438 Findor the Basher (level 7, -3/70 HPs)
             Began as an Ogre Berserker on May 6, 2019.
             Was an Elder of Trog.
             Slain by a vampire (14 damage)
             ... in the Dungeon (Sprint IX: "|||||||||||||||||||||||||||||").
             The game lasted 00:01:29 (435 turns).

Findor the Basher (Ogre Berserker)                   Turns: 435, Time: 00:01:29

Health: -3/70      AC:  3    Str: 27    XL:     7   Next: 1%
Magic:  7/7        EV: 10    Int:  8    God:    Trog [****..]
Gold:   0          SH:  0    Dex: 11    Spells: 6/6 levels left

rFire    . . .     SeeInvis .   m - +2 morningstar (crush)
rCold    . . .     Gourm    .   (no shield)
rNeg     . . .     Faith    .   b - +0 animal skin
rPois    .         Spirit   .   (helmet restricted)
rElec    .         Reflect  .   (no cloak)
rCorr    .         Harm     .   (gloves unavailable)
MR       .....     NoTele   +   (boots unavailable)
Stlth    +.........             (no amulet)
HPRegen  0.21/turn              a - +3 ring of dexterity
MPRegen  0.10/turn              n - +3 ring of strength

@: berserk cooldown, very slightly contaminated, slowed, invisible (expiring),
very slow
A: large, unfitting armour, tough skin 1
a: Berserk, Trog's Hand, Brothers in Arms, Renounce Religion


You were in the Dungeon.
You worshipped Trog.
Trog was greatly pleased with you.
You were not hungry.

You visited 1 branch


Innate Abilities, Weirdness & Mutations

You are too large for most types of armour.
You have tough skin. (AC +1)


   Skills:
 - Level 4.0 Fighting
 * Level 13.1 Maces & Flails
 - Level 2.6 Dodging


You had 6 spell levels left.
You didn't know any spells.
Your spell library was empty.

Inventory:

Hand Weapons
 m - a +2 morningstar of crushing (weapon)
   (You found it in the Dungeon)
Armour
 b - a +0 animal skin (worn)
Jewellery
 a - a +3 ring of dexterity (left hand)
   (You found it in the Dungeon)
 n - a +3 ring of strength (right hand)
   (You found it in the Dungeon)
Wands
 d - a wand of iceblast (10)
   (You found it in the Dungeon)
Scrolls
 i - 2 scrolls of blinking
 k - 3 scrolls of remove curse {@r2}
Potions
 f - a potion of haste {@q3}
 g - 4 potions of magic
 l - 5 potions of curing {@q1}
Comestibles
 c - a ration


Message History

Unknown command.
You miss something. Something completely misses you. Something bites you.
* * * LOW HITPOINT WARNING * * *
Something draws strength from your injuries!
You thump something! Something hits you!
* * * LOW HITPOINT WARNING * * *
Something bites you but does no damage.
You feel much better. Something hits you. Something bites you.
Something draws strength from your injuries!
Something hits you!
* * * LOW HITPOINT WARNING * * *
Something bites you!
* * * LOW HITPOINT WARNING * * *
Something draws strength from your injuries!
Unknown command.
You feel much better.
You hear some strange, mumbled words.
You are confused.
A red film seems to cover your vision as you go berserk!
You feel yourself moving faster!
You feel mighty! Something hits you! Something bites you.
Something draws strength from your injuries!
Something hits you!
* * * LOW HITPOINT WARNING * * *
Something bites you.
* * * LOW HITPOINT WARNING * * *
Something draws strength from your injuries!
You bump into the unnaturally hard rock wall.
You feel a strong urge to attack something.
You flicker for a moment.
Something hits you but does no damage. Something bites you!
* * * LOW HITPOINT WARNING * * *
Something draws strength from your injuries!
You see here an arrow.
Unknown command.
You barely miss something.
Unknown command.
You closely miss something.
You feel less confused. Something hits you!
* * * LOW HITPOINT WARNING * * *
Something bites you.
* * * LOW HITPOINT WARNING * * *
Something draws strength from your injuries!
You barely miss something.
You are no longer berserk.
You are exhausted.
You feel as though you will be slow longer.
Something hits you!
You die... ▓▓▓▓▓▓▓▓▓▓▓▓▓▓▓▓▓▓▓▓▓▓▓▓▓ +.....)'@.[[[)|?.'_______ ▓▓▓▓▓▓▓▓▓▓▓▓▓▓▓▓▓▓▓▓▓▓▓▓▓

There were no monsters in sight!

Vanquished Creatures
  A wraith (D)
  A black bear (D)
  An ice beast (D)
  A phantom (D)
  A centaur (D)
  2 adders (D)
  A shadow imp (D)
  An ooze (D)
  A dart slug (D)
  A bat skeleton (D)
  2 kobolds (D)
  A quokka (D)
  A bat (D)
15 creatures vanquished.

Notes
Turn   | Place    | Note
-------+----------+-------------------------------------------
     0 | D        | Findor the Ogre Berserker began the quest for the Orb.
     0 | D        | Reached XP level 1. HP: 24/24 MP: 1/1
     8 | D        | Reached skill level 4 in Maces & Flails
    15 | D        | Reached ** piety under Trog
    15 | D        | Reached XP level 2. HP: 21/32 MP: 2/2
   120 | D        | Noticed an ice beast
   125 | D        | Killed an ice beast
   125 | D        | Reached skill level 8 in Maces & Flails
   125 | D        | Reached XP level 3. HP: 24/39 MP: 3/3
   125 | D        | Reached XP level 4. HP: 30/48 MP: 4/4
   127 | D        | Reached *** piety under Trog
   129 | D        | Reached skill level 9 in Maces & Flails
   135 | D        | Reached XP level 5. HP: 20/54 MP: 5/5
   355 | D        | Found a roughly hewn altar of Beogh.
   355 | D        | Found a snail-covered altar of Cheibriados.
   355 | D        | Found a shadowy altar of Dithmenos.
   355 | D        | Found a white marble altar of Elyvilon.
   355 | D        | Found a blossoming altar of Fedhas.
   355 | D        | Found an opulent altar of Gozag.
   356 | D        | Found a hazy altar of Hepliaklqana.
   357 | D        | Found a viscous altar of Jiyva.
   358 | D        | Found an ancient bone altar of Kikubaaqudgha.
   359 | D        | Found a corrupted altar of Lugonu.
   360 | D        | Found a burning altar of Makhleb.
   361 | D        | Found a sparkling altar of Nemelex Xobeh.
   362 | D        | Found an iron altar of Okawaru.
   363 | D        | Found a stormy altar of Qazlal.
   364 | D        | Found a sacrificial altar of Ru.
   365 | D        | Found a deep blue altar of Sif Muna.
   366 | D        | Found a bloodstained altar of Trog.
   367 | D        | Found a hide-covered altar of Uskayaw.
   368 | D        | Found a radiant altar of Vehumet.
   369 | D        | Found an ornate altar of the Wu Jian Council.
   370 | D        | Found a shimmering altar of Xom.
   371 | D        | Found a basalt altar of Yredelemnul.
   372 | D        | Found a glowing silver altar of Zin.
   373 | D        | Found a glowing golden altar of the Shining One.
   402 | D        | Noticed a vampire
   402 | D        | Noticed a wraith
   402 | D        | Noticed a centaur
   402 | D        | Noticed a black bear
   402 | D        | Noticed a phantom
   408 | D        | Killed a phantom
   408 | D        | Reached **** piety under Trog
   408 | D        | Reached skill level 10 in Maces & Flails
   412 | D        | Reached skill level 11 in Maces & Flails
   414 | D        | Killed a black bear
   414 | D        | Reached XP level 6. HP: 50/62 MP: 6/6
   418 | D        | Reached skill level 12 in Maces & Flails
   424 | D        | Killed a wraith
   424 | D        | Reached skill level 13 in Maces & Flails
   424 | D        | Reached XP level 7. HP: 48/70 MP: 7/7
   434 | D        | HP: 19/105 [something (11)]
   435 | D        | Slain by a vampire

Levels and vault maps discovered:
D:        linesprint [early_d, line_temple, items_1, d_10, items_2, lair_1,
          lair_end, items_3, orc_1, orc_end, items_4, d_15, swamp_1, shoals_1,
          snake_1, spider_1, d_20, vaults_1, items_5, swamp_end, shoals_end,
          snake_end, spider_end, vaults_end, d_27, items_6, zot_1, zot_end,
          crypt_end, forest_end, elf_end, slime_end, tomb_end, abyss_end,
          pan_hell_end]

Action                   |  1- 3 |  4- 6 |  7- 9 || total
-------------------------+-------+-------+-------++-------
Melee: Mace              |    27 |    12 |       ||    39
       Morningstar       |       |    18 |     6 ||    24
Invok: Berserk           |     1 |       |       ||     1
       Trog's Hand       |       |     1 |       ||     1
  Use: Potion            |       |     2 |     3 ||     5
 Stab: Invisible         |       |     1 |       ||     1
Armor: Animal skin       |     8 |     3 |     2 ||    13
Dodge: Dodged            |    13 |    12 |     1 ||    26
